 Dungeon Crawl Stone Soup version 0.28.0-45-g0d030f2227 (webtiles) character file.

Game seed: 7273713769097698685

13089 101zpm the Thaumaturge (level 12, -10/73 HPs)
             Began as a Djinni Ice Elementalist on Apr 12, 2022.
             Was a Follower of Nemelex Xobeh.
             Hit by a javelin thrown by Urug (13 damage)
             ... on level 3 of the Lair of Beasts.
             The game lasted 01:06:19 (12945 turns).

101zpm the Thaumaturge (Djinni Ice Elementalist)   Turns: 12945, Time: 01:06:20

Health: -10/73     AC:  2    Str:  7    XL:     12   Next: 28%
Gold:   650        EV: 14    Int: 21    God:    Nemelex Xobeh [*.....] SH:  0 Dex: 15

rFire   + + +      SeeInvis +   (no weapon)
rCold   . . .      Faith    .   (no shield)
rNeg    . . .      Spirit   .   a - +0 robe
rPois   ∞          Reflect  .   (no helmet)
rElec   .          Harm     .   L - scarf {rC+ rF+}
rCorr   .          Rampage  .   (no gloves)
Will    ++...                   (boots unavailable)
Stlth   +++.......              d - amulet of regeneration
HPRegen 1.02/turn               J - ring of willpower
MPRegen 0.00/turn               K - ring of see invisible

@: flying
A: sickness immunity, fire resistance 2, cold vulnerability 1, float, innate
caster, HP casting, extra vitality 1
a: Renounce Religion, Draw Escape, Draw Destruction, Draw Summoning


You were on level 3 of the Lair of Beasts.
You worshipped Nemelex Xobeh.
Nemelex Xobeh was aware of your devotion.
You visited 2 branches of the dungeon, and saw 12 of its levels.

You collected 650 gold pieces.

Inventory:

Hand Weapons
 n - a +0 dagger of freezing
 o - a +0 broad axe
 p - a +0 flail
 q - a +0 falchion
 r - a +0 spear
 w - a +0 flail of draining
 x - a +0 hand axe of electrocution
 z - a +0 hunting sling
 C - a +0 shortbow
 F - a +0 hand crossbow
Missiles
 e - 302 stones
 s - 118 sling bullets
 t - 126 arrows
 y - 3 boomerangs
 A - 12 poisoned darts
 G - 57 bolts
 Q - 2 boomerangs of dispersal
Armour
 a - a +0 robe (worn)
 B - a scarf of repulsion
 L - a scarf of resistance (worn)
Jewellery
 d - an amulet of regeneration (around neck)
 J - a ring of willpower (left hand)
 K - a ring of see invisible (right hand)
Wands
 l - a wand of polymorph (6)
 O - a wand of iceblast (10)
 S - a wand of paralysis (5)
 T - a wand of mindburst (7)
Scrolls
 b - a scroll of identify
 c - 3 scrolls of magic mapping
 f - a scroll of holy word {unknown}
 i - 2 scrolls of enchant armour
 j - 4 scrolls of teleportation
 u - a scroll of fog {unknown}
 v - 2 scrolls of immolation
 H - a scroll of fear {unknown}
 M - a scroll of vulnerability {unknown}
 N - a scroll of acquirement {unknown}
Potions
 g - 4 potions of curing
 h - 4 potions of brilliance {unknown}
 k - 4 potions of attraction {unknown}
 m - 2 potions of magic {unknown}
 D - 3 potions of heal wounds {unknown}
 E - 2 potions of invisibility {unknown}
 I - 2 potions of mutation {unknown}
 P - 2 potions of degeneration {unknown}
 R - a potion of ambrosia {unknown}


   Skills:
 + Level 1.5 Fighting
 + Level 4.6 Dodging
 + Level 4.0 Stealth
 + Level 0.4 Unarmed Combat
 + Level 14.2 Spellcasting


You had 15 spell levels left.
You knew the following spells:

 Your Spells              Type           Power      Damage    Failure   Level
a - Freeze                Ice            100%       1d11      0%          1
b - Frozen Ramparts       Ice            100%       1d12      1%          3
c - Ozocubu's Armour      Ice            65%        N/A       1%          3
d - Hailstorm             Conj/Ice       65%        3d14      1%          4
e - Foxfire               Conj/Fire      100%       2x1d9     0%          1
f - Scorch                Fire           100%       2d10      1%          2
g - Poisonous Vapours     Pois/Air       100%       N/A       1%          2
h - Animate Dead          Necr           32%        N/A       1%          4
i - Anguish               Hex/Necr       32%        N/A       1%          4
Your spell library was empty.

Dungeon Overview and Level Annotations

Branches:
Dungeon (9/15)               Lair (3/6) D:9          Shoals (0/4) Lair:2
  Snake (0/4) Lair:3
 Temple: D:4-7          Orc: D:9-12

Altars:
Elyvilon
Gozag
Nemelex Xobeh
Ru
Xom
The Shining One

Shops:
D:2 :

Annotations:
Lair:3 Urug


Innate Abilities, Weirdness & Mutations

You are immune to sickness and miasma.
You are immune to poison.
Your flesh is very heat resistant. (rF++)
You are vulnerable to cold. (rC-)
You float through the air rather than walking.
You learn spells naturally, not from books.
Your magical power is your life essence.
You have superior vitality. (+4 MHP)


Message History

Casting: Poisonous Vapours (safe; 1% risk of failure)
Confirm with . or Enter, or press ? or * to list all spells.
Casting: Frozen Ramparts (safe; 1% risk of failure)
Press: ? - help, Dir - look around, f - activate
Okay, then.
Casting: Frozen Ramparts (safe; 1% risk of failure)
Confirm with . or Enter, or press ? or * to list all spells.
Casting: Frozen Ramparts (safe; 1% risk of failure)
Press: ? - help, Dir - look around, f - activate The walls around you are covered in ice.
Casting: Frozen Ramparts (safe; 1% risk of failure)
Confirm with . or Enter, or press ? or * to list all spells.
Flames lash Urug.
Urug is lightly wounded.
Urug's fire resistance burns away.
You hear an angry buzzing noise.
The wall freezes Urug!
Casting: Scorch (safe; 1% risk of failure)
Confirm with . or Enter, or press ? or * to list all spells.
A film of ice covers your body!
Casting: Ozocubu's Armour (safe; 1% risk of failure)
Confirm with . or Enter, or press ? or * to list all spells.
Aiming: Poisonous Vapours (safe; 1% risk of failure)
Press: ? - help, Dir - move target, f - Urug
Aim: Urug, wielding a +0 vorpal war axe, wearing a +0 chain mail and quivering javelins (lightly wounded, very poisoned, more vulnerable to fire) Poisonous vapours surround Urug!
Urug looks as sick as possible!
Urug is no longer more vulnerable to fire.
The wall freezes Urug!
Urug squints and says, "You're the ugliest harpy I ever saw."
Urug hits you with a +0 vorpal war axe!!
* * * LOW HITPOINT WARNING * * *
Your icy armour and frozen ramparts will break if you move.
Continue?
Your icy armour cracks and falls away as you move.
The frozen ramparts melt away as you move.
A hornet comes into view.
Urug throws a javelin.
The javelin pierces through you!!
* * * LOW HITPOINT WARNING * * *
Urug throws a javelin.
The javelin pierces through you!
You die...
Your body disappears without a glow.

. .> #♣. .. #≈P♣♣. .≈P..
... #### ###
######.####..#####P#
.........o......#..##
.###.#.............##
#.#...#@........##
##...............# #...
#........P.....P##
...####.#...P..........##
......##P..#....PP.....#
..........###.........# .
#....##...#P#........##
..###.#.#................#
...P....###†..#..........#


You could see Urug (very poisoned).

Vanquished Creatures
  A two-headed ogre (D:9)
  2 merfolk sirens (Lair:2)
  Maurice (D:9)
  4 cane toads
  Maggie (D:8)
  2 rime drakes
  2 komodo dragons (Lair:1)
  2 merfolk (Lair:2)
  A polar bear (Lair:1)
  3 blink frogs (Lair:1)
  2 wyverns
  17 yaks
  Menkaure (D:5)
  10 water moccasins
  12 black bears
  2 orc warriors
  2 ogres
  5 wolves (Lair:1)
  2 necrophages (D:7)
  2 centaurs
  A lemure (D:8)
  A kobold brigand (D:8)
  2 wyvern zombies
  9 bullfrogs
  A scorpion (D:3)
  3 killer bees (D:9)
  4 electric eels
  4 centaur zombies
  A jelly (D:7)
  A hound (D:5)
  4 orc priests
  A centaur skeleton (D:7)
  An iguana (D:5)
  9 orc wizards
  3 gnolls (D:4)
  3 adders
  3 white imps
  2 ufetubi
  2 adder skeletons
  3 worms
  3 dart slugs
  21 orcs
  7 bats
  12 endoplasms
  5 giant cockroaches
  10 goblins
  8 hobgoblins
  13 jackals
  2 quokkas (D:2)
  8 ball pythons
  A frilled lizard (D:3)
  10 kobolds
  10 rats
242 creatures vanquished.

Vanquished Creatures (collateral kills)
  4 foxfires (Lair:2)
4 creatures vanquished.

Vanquished Creatures (others)
  45 foxfires
  11 fungi
  16 plants
72 creatures vanquished.

Grand Total: 318 creatures vanquished

Notes
Turn   | Place    | Note
-------+----------+-------------------------------------------
     0 | D:1      | 101zpm the Djinni Ice Elementalist began the quest for the
                  | Orb.
     0 | D:1      | Reached XP level 1. HP: 15/15 MP: 0/0
   206 | D:1      | Reached XP level 2. HP: 18/21 MP: 0/0
   917 | D:2      | Reached XP level 3. HP: 20/25 MP: 0/0
   917 | D:2      | Learned a level 1 spell: Foxfire
   989 | D:2      | Reached skill level 4 in Spellcasting
  1077 | D:2      | Found Xipn's Book Shoppe.
  1238 | D:2      | Reached XP level 4. HP: 26/31 MP: 0/0
  1365 | D:2      | You are sucked into a shaft and drop 2 floors!
  1392 | D:4      | Reached XP level 5. HP: 20/35 MP: 0/0
  1392 | D:4      | Learned a level 2 spell: Scorch
  1526 | D:4      | Found a white marble altar of Elyvilon.
  1666 | D:4      | Noticed an ogre
  1675 | D:4      | Killed an ogre
  1676 | D:4      | Reached skill level 5 in Spellcasting
  1676 | D:4      | Reached XP level 6. HP: 13/41 MP: 0/0
  2308 | D:3      | Found a faded altar of an unknown god.
  3670 | D:3      | Reached XP level 7. HP: 46/46 MP: 0/0
  3670 | D:3      | Learned a level 2 spell: Poisonous Vapours
  3905 | D:5      | Entered Level 5 of the Dungeon
  3918 | D:5      | Noticed Menkaure
  4421 | D:5      | Reached skill level 6 in Spellcasting
  5567 | D:5      | Noticed a water moccasin
  5575 | D:5      | Killed a water moccasin
  5576 | D:5      | Reached XP level 8. HP: 48/51 MP: 0/0
  5675 | D:5      | Killed Menkaure
  5676 | D:5      | Reached skill level 1 in Fighting
  5676 | D:5      | Reached skill level 7 in Spellcasting
  5861 | D:5      | Found a glowing golden altar of the Shining One.
  6008 | D:5      | Found a shimmering altar of Xom.
  6412 | D:7      | Noticed a wyvern
  6417 | D:7      | Killed a wyvern
  6436 | D:7      | Reached skill level 8 in Spellcasting
  6439 | D:7      | Reached XP level 9. HP: 14/57 MP: 0/0
  6439 | D:7      | Learned a level 4 spell: Animate Dead
  6872 | D:7      | Reached skill level 9 in Spellcasting
  7648 | D:8      | Noticed Maggie
  7658 | D:8      | Killed Maggie
  7734 | D:8      | Identified the +0 chain mail "Oppebar" {rC+}
  8222 | D:9      | Reached skill level 10 in Spellcasting
  8222 | D:9      | Reached XP level 10. HP: 16/62 MP: 0/0
  8270 | D:9      | Found an opulent altar of Gozag.
  8435 | D:9      | Noticed a two-headed ogre
  8442 | D:9      | Killed a two-headed ogre
  8807 | D:9      | Reached skill level 11 in Spellcasting
  8920 | D:9      | Found a sparkling altar of Nemelex Xobeh.
  8926 | D:9      | Noticed Maurice
  8945 | D:9      | Killed Maurice
  9075 | D:9      | Found a sacrificial altar of Ru.
  9098 | D:9      | Found a staircase to the Lair.
  9258 | D:9      | Became a worshipper of Nemelex Xobeh the Trickster
  9307 | Lair:1   | Entered Level 1 of the Lair of Beasts
  9710 | Lair:1   | Noticed a cane toad
  9725 | Lair:1   | Killed a cane toad
  9863 | Lair:1   | Noticed a komodo dragon
  9873 | Lair:1   | Killed a komodo dragon
  9930 | Lair:1   | Noticed a rime drake
  9939 | Lair:1   | Killed a rime drake
 10016 | Lair:2   | Noticed a komodo dragon
 10026 | Lair:1   | HP: 3/62 [komodo dragon (27)]
 10036 | Lair:1   | Killed a komodo dragon
 10037 | Lair:1   | Reached XP level 11. HP: 14/67 MP: 0/0
 10037 | Lair:1   | Learned a level 4 spell: Anguish
 10259 | Lair:1   | Reached skill level 12 in Spellcasting
 10542 | Lair:1   | Reached skill level 13 in Spellcasting
 11426 | Lair:3   | Noticed a seven-headed hydra
 11467 | Lair:2   | Reached XP level 12. HP: 64/73 MP: 0/0
 11525 | Lair:2   | Reached * piety under Nemelex Xobeh
 11673 | Lair:2   | Received a gift from Nemelex Xobeh
 11935 | Lair:2   | HP: 3/73 [merfolk siren/+0 trident (14)]
 12212 | Lair:2   | Found a staircase to the Shoals.
 12248 | Lair:2   | Reached skill level 14 in Spellcasting
 12934 | Lair:3   | Noticed Urug
 12936 | Lair:3   | Found a staircase to the Snake Pit.
 12944 | Lair:3   | HP: 2/73 [Urug/javelin (21)]
 12945 | Lair:3   | Hit by a javelin thrown by Urug

Illustrated notes

Levels and vault maps discovered:
D:1:      dpeg_arrival_arbitrary_c, layout_basic, st_stairs_14
D:2:      minmay_diamond_boxcup, layout_basic, serial_shops, shop,
          serial_bayou_pond_e
D:3:      layout_loops_ring, ebering_ecumenical_altar_mist, grunt_decor_fettered
D:4:      layout_loops_cross, mainiacjoe_overflow_tiny_flanked
D:5:      layout_rooms, tgw_xom, kennysheep_little_box, st_stairs_13,
          nicolae_elevator_lobby_plus, uniq_menkaure
D:6:      layout_loops_cross, minmay_temple_entry_hall, serial_undead,
          serial_undead_e, serial_undead_e, serial_undead_f, serial_undead_b
D:7:      layout_loops_ring, grunt_tough_drop
D:8:      layout_layer_cave, chequers_big_river, wad_dig_loot, uniq_grum,
          uniq_maggie, uniq_pikel
D:9:      layout_basic, mainiacjoe_overflow_small_starburst,
          nicolae_ru_sacrificial_ziggurat, mainiacjoe_overflow_brackets,
          lair_entry_dummy, uniq_maurice
Lair:1:   layout_roguey, beast_lair_carwin_7, lemuel_fruit_fields
Lair:2:   layout_gridlike, elwin_shoals_entry_stream, infiniplex_staircase_pool,
          serial_bayou_shore_a
Lair:3:   layout_misc_corridors, guppyfry_snake_entry_garden, lemuel_fruit_tree,
          uniq_sonja, uniq_urug

Skill      XL: |  1  2  3  4  5  6  7  8  9 10 11 12 |
---------------+-------------------------------------+-----
Spellcasting   | 4 5 6 8 10 11 13 14 | 14.2
Stealth        | 2 3 4 |  4.0
Fighting       | 1 |  1.5
Dodging        | 3 4 |  4.6
Unarmed Combat | |  0.4

Action                   |  1- 3 |  4- 6 |  7- 9 | 10-12 || total
-------------------------+-------+-------+-------+-------++-------
Melee: Unarmed           |     8 |    19 |       |     1 ||    28
 Cast: Freeze            |    35 |    32 |     4 |     1 ||    72
       Frozen Ramparts   |    11 |    45 |    27 |    43 ||   126
       Foxfire           |       |     3 |       |    33 ||    36
       Scorch            |       |     6 |    73 |   106 ||   185
       Poisonous Vapours |       |       |    45 |   102 ||   147
       Ozocubu's Armour  |       |       |     7 |    19 ||    26
       Animate Dead      |       |       |       |     1 ||     1
       Anguish           |       |       |       |     5 ||     5
  Use: Scroll            |       |       |     2 |     3 ||     5
 Stab: Sleeping          |     1 |       |       |       ||     1
Armor: Robe              |     8 |     7 |     9 |     9 ||    33
Dodge: Dodged            |    22 |    37 |    32 |    21 ||   112
       Repelled          |       |       |     1 |       ||     1
